 Dungeon Crawl Stone Soup version 0.30.0-5-g1a98f26d00 (webtiles) character file.

Game seed: 7001292243318219752

2929 SnakkuSnakku7 the Blocker (level 9, -5/68 (75) HPs)
             Began as an Armataur Warper on May 8, 2023.
             Slain by a wyvern (13 damage)
             ... on level 8 of the Dungeon.
             The game lasted 00:08:14 (6703 turns).

SnakkuSnakku7 the Blocker (Armataur Warper)         Turns: 6703, Time: 00:08:15

HP:   -5/68 (75)    AC:  8    Str: 20    XL:     9   Next: 50%
MP:   11/11         EV:  6    Int: 13    God:
Gold: 143           SH: 10    Dex: 11    Spells: 11/11 levels left

rFire   . . .        a - +1 war axe
rCold   . . .        y - +0 kite shield
rNeg    . . .        t - +0 scale mail {rPois}
rPois   +            w - +0 helmet
rElec   .            N - +0 cloak
rCorr   +            (no gloves)
SInv    +            (no barding)
Will    .....        (no amulet) Stlth
                     g - ring of see invisible
HPRegen 0.31/turn    I - ring of resist corrosion
MPRegen 0.12/turn

%: roll
@: drained
A: large, rugged brown scales 3, deformed body, armoured tail, roll, long
tongue, awkward tongue
a: no special abilities


You were on level 8 of the Dungeon.
You visited 2 branches of the dungeon, and saw 9 of its levels.
You also visited: Sewer.

You collected 380 gold pieces.
You spent 237 gold pieces at shops.

Inventory:

Hand Weapons
 a - a +1 war axe (weapon)
 M - a +1 heavy battleaxe
Missiles
 d - 7 boomerangs of dispersal (quivered)
 i - 5 javelins
 E - 2 boomerangs
Armour
 b - a +0 leather armour
 k - a +0 ring mail
 t - a +0 scale mail of poison resistance (worn)
 w - a +0 helmet (worn)
 y - a +0 kite shield (worn)
 N - a +0 cloak (worn)
Jewellery
 g - a ring of see invisible (left hand)
 I - a ring of resist corrosion (right hand)
Wands
 f - a wand of charming (10)
 L - a wand of flame (17)
Scrolls
 c - 5 scrolls of blinking
 e - a scroll of fear
 h - 5 scrolls of teleportation
 l - a scroll of noise {unknown}
 m - 2 scrolls of enchant weapon
 r - a scroll of acquirement {unknown}
 s - 2 scrolls of silence
 x - 2 scrolls of vulnerability
 B - a scroll of magic mapping
 G - a scroll of poison {unknown}
 H - a scroll of amnesia {unknown}
 J - a scroll of enchant armour {unknown}
Potions
 j - 2 potions of brilliance
 n - 3 potions of curing
 o - a potion of heal wounds
 p - a potion of ambrosia
 v - 2 potions of might
 z - 4 potions of invisibility {unknown}
 A - a potion of attraction
 C - 2 potions of flight
 K - 2 potions of mutation {unknown}


   Skills:
 - Level 4.1 Fighting
 + Level 8.0 Axes
 - Level 0.8 Throwing
 - Level 1.2 Armour
 - Level 1.3 Dodging
 + Level 9.1 Shields
 - Level 1.7 Spellcasting
 - Level 3.0 Translocations


You had 11 spell levels left.
You didn't know any spells.
Your spell library contained the following spells:

 Spells                   Type           Power      Damage    Failure   Level
 Blink                    Tloc           16%        N/A       56%         2
 Lesser Beckoning         Tloc           16%        N/A       56%         2
 Momentum Strike          Conj/Tloc      10%        3d8       77%         2
 Teleport Other           Tloc           8%         N/A       80%         3
 Freeze                   Ice            4%         1d3       83%         1
 Magic Dart               Conj           4%         1d3       83%         1
 Searing Ray              Conj           2%         2d4       93%         2
 Portal Projectile        Hex/Tloc       10%        N/A       94%         3
 Vhi's Electric Charge    Tloc/Air       10%        N/A       94%         3
 Call Canine Familiar     Summ           1%         N/A       99%         3
 Frozen Ramparts          Ice            2%         1d1       99%         3
 Hailstorm                Conj/Ice       1%         3d3       99%         3
 Manifold Assault         Tloc           8%         N/A       99%         4
 Fulminant Prism          Conj/Hex       0%         3d5       100%        4
 Leda's Liquefaction      Hex/Erth       0%         N/A       100%        4


Dungeon Overview and Level Annotations

Branches:
Dungeon (8/15)             Temple (1/1) D:5           Sewer (visited)
   Lair: D:8-11

Altars:
Ashenzari
Cheibriados
Dithmenos
Elyvilon
Hepliaklqana
Kikubaaqudgha
Makhleb
Nemelex Xobeh
Qazlal
Ru
Sif Muna
Trog
Uskayaw
Vehumet
Wu Jian
Xom
Zin

Shops:
D:7 (


Innate Abilities, Weirdness & Mutations

You are completely covered in rugged brown scales. (AC +3, +7% HP)
Armour fits poorly on your strangely shaped body.
You have a long armoured tail.
You roll when moving toward enemies. (Rampage)
Your long tongue fully drains potion bottles. (2x potion effects)
Your tongue gives you trouble enunciating. (1.5x scroll delay)


Message History

You slash the wight!
The wight is heavily damaged.
You block the wight's attack.
You slash the wight!
You destroy the wight!
Found a long smoking staff.
Things that are here:
a +1 scimitar; a +0 robe You see here a staff of cold.
Found a helmet.
A wyvern comes into view.
You roll towards the wyvern!
The wyvern bites you! You block the wyvern's attack.
You hit the wyvern.
The wyvern is lightly wounded.
The wyvern bites you!
You closely miss the wyvern.
The wyvern is lightly wounded.
You block the wyvern's attack. The wyvern barely misses you.
You closely miss the wyvern.
Your tail-slap misses the wyvern.
The wyvern is lightly wounded.
The wyvern completely misses you. The wyvern bites you.
You slash the wyvern!
The wyvern is moderately wounded.
The wyvern bites you! The wyvern bites you.
You slash the wyvern!
Your tail-slap misses the wyvern.
The wyvern is severely wounded.
The wyvern bites you!
* * * LOW HITPOINT WARNING * * *
You block the wyvern's attack.
You hit the wyvern but do no damage.
Your tail-slap misses the wyvern.
The wyvern is severely wounded.
The wyvern bites you!
* * * LOW HITPOINT WARNING * * *
The wyvern hisses menacingly.
You block the wyvern's attack.
You hit the wyvern but do no damage.
The wyvern is severely wounded.
The wyvern bites you!
You die...

### #.. #.# #.# #
#.#
#..#####.######
#...l@...[....#
......####.####.#
####. #.### #.
####...#
#..#......#
#..#.#######.#
#.....|......#
#.##)#########
#### #.####


You could see a wyvern.

Vanquished Creatures
  2 steam dragons (D:7)
  An acid dragon (D:8)
  A water moccasin (D:7)
  An ice beast (D:7)
  A black bear (D:6)
  3 ogres
  A phantom (D:4)
  5 bullfrogs
  3 scorpions
  15 wights
  3 howler monkeys
  4 jellies
  2 hounds (D:6)
  2 orc priests
  3 iguanas
  2 orc wizards
  8 adders
  A shadow imp (D:5)
  An ufetubus (D:4)
  A worm (D:2)
  A dart slug (D:3)
  26 orcs
  9 ball pythons
  7 endoplasms
  10 giant cockroaches
  3 goblins
  7 hobgoblins
  3 jackals (D:2)
  8 quokkas
  4 bats
  6 frilled lizards
  4 kobolds
  4 rats
152 creatures vanquished.

Notes
Turn   | Place    | Note
-------+----------+-------------------------------------------
     0 | D:1      | SnakkuSnakku7 the Armataur Warper began the quest for the
                  | Orb.
     0 | D:1      | Reached XP level 1. HP: 18/18 MP: 3/3
   926 | D:1      | Reached XP level 2. HP: 25/25 MP: 4/4
  1291 | D:2      | Reached XP level 3. HP: 21/32 MP: 5/5
  1658 | D:3      | Found a faded altar of an unknown god.
  1664 | D:3      | Found a sparkling altar of Nemelex Xobeh.
  1702 | D:3      | Found a snail-covered altar of Cheibriados.
  1772 | D:3      | Found a stormy altar of Qazlal.
  1787 | D:3      | Reached XP level 4. HP: 25/40 MP: 6/6
  2178 | D:3      | Reached XP level 5. HP: 29/48 MP: 7/7
  2282 | D:4      | Found a shimmering blue altar of Sif Muna.
  2654 | D:4      | Reached XP level 6. HP: 41/55 MP: 8/8
  2736 | D:4      | Reached skill level 1 in Shields
  2748 | D:4      | You fall into a shaft and drop 3 floors!
  2764 | D:7      | Reached skill level 2 in Shields
  2793 | D:7      | Reached skill level 3 in Shields
  2793 | D:7      | Reached XP level 7. HP: 61/61 MP: 9/9
  3002 | D:6      | Found a glowing drain.
  3018 | Sewer    | Entered a sewer
  3220 | Sewer    | Reached skill level 5 in Axes
  3220 | Sewer    | Reached skill level 4 in Shields
  3638 | D:5      | Entered Level 5 of the Dungeon
  3641 | D:5      | Found a staircase to the Ecumenical Temple.
  3661 | Temple   | Entered the Ecumenical Temple
  3979 | D:5      | Reached skill level 5 in Shields
  4000 | D:5      | Reached XP level 8. HP: 45/70 MP: 10/10
  4409 | D:4      | Reached skill level 6 in Shields
  5371 | D:7      | Reached skill level 7 in Shields
  5405 | D:7      | HP: 2/70 [steam dragon/ball of steam (7)]
  5687 | D:7      | Reached XP level 9. HP: 62/75 MP: 11/11
  5715 | D:7      | Reached skill level 8 in Shields
  6167 | D:7      | Found Noituele's Antique Weapon Emporium.
  6175 | D:7      | Bought a runed battleaxe for 237 gold pieces
  6654 | D:8      | Reached skill level 9 in Shields
  6703 | D:8      | Slain by a wyvern

Illustrated notes

Levels and vault maps discovered:
D:1:      minmay_arrival_pointy, layout_basic
D:2:      layout_basic
D:3:      layout_loops_ring, nicolae_overflow_crystal_walls,
          mainiacjoe_overflow_chevrons, nicolae_overflow_hidden_temple,
          ebering_ecumenical_altar_webs
D:4:      layout_gridville, mainiacjoe_overflow_small_starburst,
          minmay_misc_feat_nine_boxes
D:5:      layout_rooms, minmay_temple_entry_junction
D:6:      layout_loops_ring, portal_sewer_entry_f
D:7:      layout_loops_corners, serial_shops, shop
D:8:      layout_loops_ring, tso_altar, grunt_gozag_statues
Temple:   oiseaux_autumnal_temple

Skill      XL: |  1  2  3  4  5  6  7  8  9 |
---------------+----------------------------+-----
Fighting       | 2 3 4 |  4.1
Axes           | 2 3 4 5 7 8 |  8.0
Shields        | 3 5 7 9 |  9.1
Throwing       | |  0.8
Armour         | |  1.2
Dodging        | |  1.3
Spellcasting   | |  1.7
Translocations | |  3.0

Action                     |  1- 3 |  4- 6 |  7- 9 || total
---------------------------+-------+-------+-------++-------
  Melee: Hand axe          |    91 |     8 |       ||    99
         Tailslap          |     8 |     8 |    47 ||    63
         War axe           |       |   111 |   352 ||   463
  Throw: Javelin           |       |     2 |       ||     2
    Use: Scroll            |       |     6 |     9 ||    15
         Potion            |       |     2 |     4 ||     6
 Armour: Leather armour    |     2 |       |       ||     2
         Ring mail         |    34 |       |       ||    34
         Scale mail        |       |    50 |   129 ||   179
         Skin              |       |     7 |    25 ||    32
  Dodge: Dodged            |    42 |    48 |    88 ||   178
  Block: Kite shield       |       |     9 |   158 ||   167
